 Dungeon Crawl Stone Soup version 0.20-a0-1117-g62da73f (webtiles) character file.

431 Lochraine the Gusty (level 6, -1/48 HPs)
             Began as a Tengu Air Elementalist on May 9, 2017.
             Slain by an ice beast (14 damage)
             ... on level 4 of the Dungeon.
             The game lasted 00:11:53 (4133 turns).

Lochraine the Gusty (Tengu Air Elementalist)        Turns: 4133, Time: 00:11:54

Health: -1/48      AC: 23    Str:  9    XL:     6   Next: 99%
Magic:  10/11      EV:  2    Int: 16    God:
Gold:   273        SH:  0    Dex: 15    Spells: 1/11 levels left

rFire    . . .     SeeInvis .   s - +1 short sword (venom)
rCold    . . .     Gourm    .   (no shield)
rNeg     + + +     Faith    .   (armour currently unavailable)
rPois    +         Spirit   .   (helmet currently unavailable)
rElec    .         Reflect  .   (cloak currently unavailable)
rCorr    .         Harm     .   (gloves currently unavailable)
MR       .....     NoTele   +   (boots unavailable)
Stlth    +++.......             (no amulet)
Regen    0.2/turn               (no ring)
MPRegen  0.2/turn               (no ring)

@: lethally poisoned (-1 -> -4), tree-form
A: able to fly 1
a: Fly


You were on level 4 of the Dungeon.
You were not hungry.
You were a tree.
You visited 1 branch of the dungeon, and saw 5 of its levels.
You also visited: Sewer.

You collected 273 gold pieces.

Inventory:

Hand Weapons
 m - a +2 dagger of protection
   (You took it off a goblin on level 1 of the Dungeon)
 s - a +1 short sword of venom (weapon)
   (You found it on level 2 of the Dungeon)
Missiles
 g - 3 javelins (quivered)
Armour
 a - a +0 robe
 f - a +0 ring mail
   (You found it on level 1 of the Dungeon)
 u - a cursed +0 robe (melded)
   (You found it on level 4 of the Dungeon)
Jewellery
 y - an uncursed ring of ice {unknown}
   (You found it on level 4 of the Dungeon)
Scrolls
 d - 2 scrolls of amnesia
 k - a scroll of enchant weapon {unknown}
 l - a scroll of identify {@r1}
 o - a scroll of remove curse {@r2}
Potions
 e - 3 potions of curing {unknown}
 h - a potion of might {unknown}
 j - a potion of invisibility
 n - 4 potions of flight
 r - 2 potions of lignification {!q}
 v - a potion of haste {unknown}
 w - a potion of brilliance {unknown}
Books
 b - a book of Air
Comestibles
 c - a royal jelly
 i - 4 chunks of flesh
 p - 8 fruits
 q - 2 bread rations


   Skills:
 + Level 1.5 Armour
 - Level 3.9 Dodging
 - Level 3.7 Stealth
 + Level 3.3 Spellcasting
 + Level 3.8 Conjurations
 + Level 5.7 Air Magic


You had one spell level left.
You knew the following spells:

 Your Spells              Type           Power        Failure   Level  Hunger
a - Shock                 Conj/Air       ###.         2%          1    None
b - Static Discharge      Conj/Air       ###.....     8%          3    ###....
c - Airstrike             Air            ###.......   17%         4    ####...
s - Swiftness             Chrm/Air       ##......     9%          2    ##.....


Dungeon Overview and Level Annotations

Branches:
Dungeon (5/15)
 Temple: D:4-7

Altars:
Cheibriados
Elyvilon
Qazlal


Innate Abilities, Weirdness & Mutations

((You have a beak for a mouth.))
((You have claws for feet.))
You can fly.


Message History

Things that are here:
a club; a leather armour; an orc skeleton
Things that are here:
a club; a leather armour; an orc skeleton
There is a stone staircase leading down here.
Found a stone staircase leading down.
Found a scroll labeled LEKUIVE LUITUB.
k - a scroll labeled LEKUIVE LUITUB A leopard gecko comes into view.
A leopard gecko is nearby!
Aim: a leopard gecko (clinging)
The zap hits the leopard gecko.
Aim: a leopard gecko (moderately wounded)
The zap hits the leopard gecko.
You kill the leopard gecko!
You can't see any susceptible monsters within range! (Use Z to cast anyway.)
An ice beast comes into view.
An ice beast is nearby!
You aren't carrying any items that you can evoke.
Unknown command.
Okay, then.
Aim: an ice beast You throw a javelin.
The javelin hits the ice beast.
The ice beast closely misses you.
There is a stone staircase leading up here.
The ice beast hits you. The ice beast freezes you!
You climb upwards.
A worker ant comes into view.
There is a stone staircase leading down here.
The worker ant twitches its antennae in your direction.
The worker ant closely misses you.
You see here 17 arrows.
The worker ant bites you.
* * * LOW HITPOINT WARNING * * *
The worker ant bites you.
* * * LOW HITPOINT WARNING * * *
You are poisoned.
The worker ant poisons you!
You feel sick.
Really quaff
r - 3 potions of lignification {!q}?
You turn into a tree.
Your cursed +0 robe melds into your body.
Your roots penetrate the ground.
The ice beast hits you but does no damage.
Aim: an ice beast (lightly wounded)
The zap hits the ice beast.
The zap hits the worker ant.
You feel sick. The ice beast hits you.
* * * LOW HITPOINT WARNING * * *
The ice beast freezes you!
You die...

############## #..........(.#
#............# #......#####.#
#......#####.#
#......##....### #############
#......##......# #...........#
#......##......###...........#
#..........._...♣Ya..........#
)).....###......##.....(..>..#
#......# #......##...........#
######## ###....##...........#
#.#####...........#
###.#####...........#
#......#....<.......#
#......#............#
#...................#


You could see an ice beast and a worker ant.

Vanquished Creatures
  An ogre (D:4)
  A crocodile (Sewer)
  A centaur zombie (D:5)
  A hound (D:5)
  2 worker ants
  3 gnolls (D:2)
  4 adders
  An adder skeleton (D:5)
  7 leopard geckos
  10 orcs
  4 giant cockroaches
  10 goblins
  6 hobgoblins
  6 jackals
  5 kobolds
  2 quokkas
  A ball python (D:4)
  11 bats
  4 frilled lizards
  8 rats
88 creatures vanquished.

Notes
Turn   | Place    | Note
-------+----------+-------------------------------------------
     0 | D:1      | Lochraine the Tengu Air Elementalist began the quest for the Orb.
     0 | D:1      | Reached XP level 1. HP: 10/10 MP: 4/4
   189 | D:1      | Reached XP level 2. HP: 15/15 MP: 1/6
   598 | D:1      | Learned a level 2 spell: Swiftness
   877 | D:1      | Reached XP level 3. HP: 19/19 MP: 5/7
   890 | D:1      | Learned a level 3 spell: Static Discharge
  1173 | D:2      | Found a snail-covered altar of Cheibriados.
  1207 | D:2      | Reached XP level 4. HP: 24/24 MP: 1/8
  1862 | D:2      | Found a white marble altar of Elyvilon.
  2762 | D:4      | Noticed an ogre
  2902 | D:4      | Found a glowing drain.
  2915 | D:4      | Gained mutation: You can fly. [Tengu growth]
  2915 | D:4      | Reached XP level 5. HP: 18/28 MP: 3/9
  2919 | D:4      | Reached skill level 5 in Air Magic
  2964 | Sewer    | Entered a sewer
  3020 | Sewer    | Noticed a crocodile
  3059 | Sewer    | Killed a crocodile
  3237 | D:4      | Killed an ogre
  3237 | D:4      | Reached XP level 6. HP: 18/32 MP: 3/11
  3396 | D:4      | Found a stormy altar of Qazlal.
  3613 | D:4      | Learned a level 4 spell: Airstrike
  3650 | D:5      | Entered Level 5 of the Dungeon
  3742 | D:4      | Reached skill level 1 in Armour
  4096 | D:5      | Noticed an ice beast
  4133 | D:4      | Slain by an ice beast

Vault maps used:
D:1:      dpeg_arrival_fog
D:2:      elyvilon_altar_1, cheibriados_altar_1
D:3:      hex_large
D:4:      nicolae_overflow_crystal_walls, portal_sewer_entry_f
D:5:      nicolae_overflow_hidden_temple, minmay_temple_entry_enclosed_plants,
          first_bread, minmay_item_behind_shaft, roderic_batcave, st_stairs_14
Sewer:    sewer_big_baddie

Skill      XL: |  1  2  3  4  5  6 |
---------------+-------------------+-----
Dodging        | 3 |  3.9
Conjurations   | 2 3 |  3.8
Stealth        | 3 |  3.7
Air Magic      | 5 |  5.7
Spellcasting   | 3 |  3.3
Armour         | 1 |  1.5

Action                   |  1- 3 |  4- 6 || total
-------------------------+-------+-------++-------
Melee: Dagger            |    27 |    13 ||    40
       Kick              |     5 |    13 ||    18
       Peck              |     2 |    15 ||    17
       Short sword       |       |    70 ||    70
Throw: Javelin           |       |     1 ||     1
 Cast: Shock             |    34 |    83 ||   117
  Use: Potion            |     3 |     2 ||     5
       Scroll            |       |     8 ||     8
 Stab: Sleeping          |     1 |     2 ||     3
  Eat: Chunk             |     1 |    10 ||    11
Armor: Robe              |    12 |    17 ||    29
       Skin              |       |     3 ||     3
       Ring mail         |       |     1 ||     1
Dodge: Dodged            |    31 |    74 ||   105
